 Dungeon Crawl Stone Soup version 0.24-a0-201-gf205589 (webtiles) character file.

Game seed: 9928417491953401718

131 Sensible the Magician (level 4, -2/32 HPs)
             Began as a Demonspawn Wizard on Mar 25, 2019.
             Killed by divine providence
             ... invoked by an orc priest
              (13 damage)
             ... on level 3 of the Dungeon on Mar 26, 2019.
             The game lasted 00:06:54 (3557 turns).

Sensible the Magician (Demonspawn Wizard)           Turns: 3557, Time: 00:06:55

Health: -2/32      AC:  5    Str:  8    XL:     4   Next: 91%
Magic:  6/10       EV: 12    Int: 19    God:
Gold:   77         SH:  0    Dex: 12    Spells: 6/11 levels left

rFire    . . .     SeeInvis .   o - +0 hand axe
rCold    . . .     Gourm    .   (no shield)
rNeg     + . .     Faith    .   a - +0 robe
rPois    .         Spirit   .   q - +2 hat
rElec    .         Reflect  .   v - +0 cloak
rCorr    .         Harm     .   (no gloves)
MR       .....                  (no boots)
Stlth    ++........             (no amulet)
HPRegen  0.10/turn              c - ring of positive energy
MPRegen  0.12/turn              (no ring)

@: very slightly contaminated
A: hooves 1, demonic guardian 1
a: no special abilities


You were on level 3 of the Dungeon.
You were not hungry.

You visited 1 branch of the dungeon, and saw 3 of its levels.

You collected 77 gold pieces.

Inventory:

Hand Weapons
 h - a +0 club
 o - a +0 hand axe (weapon)
Missiles
 i - 7 javelins (quivered)
Armour
 a - a +0 robe (worn)
 j - a +0 ring mail
 q - a +2 hat (worn)
 v - a +0 cloak (worn)
Jewellery
 c - a ring of positive energy (left hand)
Scrolls
 e - a scroll of blinking {unknown}
 m - 2 scrolls of remove curse {unknown}
 n - 2 scrolls of fog {unknown}
 p - a scroll of random uselessness {unknown}
 u - 5 scrolls of identify {unknown}
Potions
 f - 2 potions of heal wounds {unknown}
 g - 2 potions of curing {unknown}
 k - 3 potions of haste {unknown}
 l - 3 potions of degeneration {unknown}
 r - a potion of agility {unknown}
 t - 2 potions of mutation {unknown}
Comestibles
 d - 7 rations
 s - 3 chunks of flesh


   Skills:
 * Level 1.5 Fighting
 - Level 0.2 Axes
 * Level 1.4 Armour
 - Level 1.7 Dodging
 - Level 1.7 Stealth
 + Level 4.3 Spellcasting
 + Level 1.9 Conjurations
 + Level 1.0 Summonings
 + Level 0.8 Translocations


You had 6 spell levels left.
You knew the following spells:

 Your Spells              Type           Power        Failure   Level  Hunger
a - Magic Dart            Conj           ##..         6%          1    None
b - Blink                 Tloc           N/A          14%         2    #......
c - Call Imp              Summ           #.......     13%         2    #......

Your spell library contained the following spells:

 Spells                   Type           Power        Failure   Level  Hunger
 Slow                     Hex            #.......     21%         2    #......
 Conjure Flame            Conj/Fire      #.......     26%         3    ###....
 Mephitic Cloud           Conj/Pois/Air  #.......     30%         3    ###....


Dungeon Overview and Level Annotations

Branches:
Dungeon (3/15)

Altars:
Trog

Annotations:
D:1 exclusion: downstairs
D:3 1 runed translucent door, Borgoz's ghost, amateur KoHu


Innate Abilities, Weirdness & Mutations

You have large cloven feet.
A weak demonic guardian rushes to your aid.


Message History

The orc priest looks braver for a moment.
The hobgoblin hits your white imp but does no damage.
Your white imp barely misses the orc priest.
The orc priest mumbles some strange prayers to Beogh against you.
Beogh smites you!
The orc priest hits your white imp with a +0 falchion.
The hobgoblin hits your white imp but does no damage.
Your white imp hits the orc priest.
Your white imp freezes the orc priest.
Something barely misses your white imp.
The orc priest begins to cast a cantrip, but forgets the words!
Something barely misses your white imp.
Your white imp hits the orc priest but does no damage.
The orc priest calls down the wrath of Beogh upon you.
Beogh smites you!
A puff of frost appears from out of your range of vision.
The puff of frost hits the orc priest!
The orc priest miscasts a cantrip.
The orc priest invokes the aid of Beogh against you.
Beogh smites you!
You die...

#.....## ##.#.### #..##..#
### ##....<÷###
#..###.#####.# ###.....#....
#..# #...÷...# #.###...#.##.
#..######.##.# #.# #...#.#..
#..÷......##.# #.# #..<..##+
##.....#####.####.####..#.#F≈
#####.#####5...........#.#≈≈
#.......@....(####.##.#≈≈
#..o#####.##..........#≈l
#...# #.##.#####.####≈:
#########...# #.##.# #... #≈≈
.....o..g...### #.##.# #####
.......o..........##.#
..##...########.#.##.#
....)5...# #.##.# .........#
#.....


You could see an orc priest and a friendly quasit.

Vanquished Creatures
  4 adders
  2 worms (D:2)
  A leopard gecko (D:3)
  An orc (D:3)
  3 giant cockroaches
  8 goblins
  4 hobgoblins
  3 jackals
  3 quokkas (D:2)
  6 bats
  A frilled lizard (D:3)
  4 kobolds
  4 rats
44 creatures vanquished.

Vanquished Creatures (collateral kills)
  A hound (D:3)
  A worker ant (D:2)
  A goblin (D:2)
3 creatures vanquished.

Grand Total: 47 creatures vanquished

Notes
Turn   | Place    | Note
-------+----------+-------------------------------------------
     0 | D:1      | Sensible the Demonspawn Wizard began the quest for the Orb.
     0 | D:1      | Reached XP level 1. HP: 13/13 MP: 4/4
   308 | D:1      | Gained mutation: A weak demonic guardian rushes to your
                  | aid. [demonic ancestry]
   308 | D:1      | Reached XP level 2. HP: 19/19 MP: 2/6
  1598 | D:2      | Gained mutation: You have large cloven feet. [demonic
                  | ancestry]
  1598 | D:2      | Reached XP level 3. HP: 9/25 MP: 1/8
  1830 | D:2      | Reached skill level 4 in Spellcasting
  2047 | D:2      | Learned a level 2 spell: Blink
  2338 | D:2      | Learned a level 2 spell: Call Imp
  2370 | D:2      | Reached skill level 1 in Fighting
  2393 | D:2      | Reached skill level 1 in Armour
  2466 | D:2      | Reached XP level 4. HP: 26/32 MP: 3/10
  2735 | D:2      | Found a bloodstained altar of Trog.
  3288 | D:3      | Found a runed translucent door.
  3289 | D:3      | Noticed Borgoz's ghost (amateur KoHu)
  3289 | D:3      | Noticed a bullfrog
  3557 | D:3      | Killed from afar by an orc priest

Levels and vault maps discovered:
D:1:      minmay_arrival_solitary_statue, layout_basic, minmay_cupped
D:2:      minmay_door_path, layout_basic, lemuel_coloured_pillars_altar
D:3:      minmay_angry_zag, layout_loops_ring, amethyst_overflow_temple_binary,
          ebering_ghost_sewer_f, first_ration

Skill      XL: |  1  2  3 |
---------------+----------+-----
Spellcasting   | 4 |  4.3
Fighting       | 1 |  1.5
Armour         | 1 |  1.4
Axes           | |  0.2
Dodging        | |  1.7
Stealth        | |  1.7
Conjurations   | |  1.9
Summonings     | |  1.0
Translocations | |  0.8

Action                   |  1- 3 |  4- 6 || total
-------------------------+-------+-------++-------
Melee: Unarmed           |     9 |       ||     9
       Club              |    62 |       ||    62
       Hand axe          |    11 |    21 ||    32
       Kick              |     4 |     7 ||    11
 Cast: Magic Dart        |    59 |    58 ||   117
  Eat: Chunk             |     4 |     4 ||     8
Armor: Robe              |     1 |    12 ||    13
       Ring mail         |    54 |       ||    54
Dodge: Dodged            |    61 |    17 ||    78

Table legend:
 A = Non-vault XP
 B = Vault XP
 C = Vault XP percentage of total XP
 D = Non-vault monster count
 E = Vault monster count
 F = Vault count percentage of total count
                 A         B        C        D         E       F
            +---------+---------+-------+---------+---------+-------
      Total |     143 |      45 |  23.9 |      38 |       9 |  19.1
            +---------+---------+-------+---------+---------+-------
        D:1 |      26 |       6 |  18.8 |      14 |       4 |  22.2
        D:2 |      63 |      39 |  38.2 |      19 |       5 |  20.8
        D:3 |      54 |       0 |   0.0 |       5 |       0 |   0.0
            +---------+---------+-------+---------+---------+-------
